 Dungeon Crawl Stone Soup version 0.18-a0-1186-gd02dc51 (webtiles) character file.

84 kae the Insei (level 4, -1/36 HPs)
             Began as a Demonspawn Monk on Jan 28, 2016.
             Was a Believer of Makhleb.
             Slain by a scorpion (3 damage)
             ... on level 3 of the Dungeon.
             The game lasted 00:03:24 (2913 turns).

kae the Insei (Demonspawn Monk)                     Turns: 2913, Time: 00:03:24

Health: -1/36      AC:  2    Str: 12    XL:     4   Next: 23%
Magic:  4/4        EV: 20    Int: 11    God:    Makhleb [**....]
Gold:   122        SH:  0    Dex: 21    Spells: 0 memorised, 3 levels left

rFire  . . .     SeeInvis .       - Unarmed
rCold  + . .     Gourm    .     a - +0 robe
rNeg   . . .     Faith    .     (no shield)
rPois  .         Spirit   .     (no helmet)
rElec  .         Dismiss  .     (no cloak)
rCorr  .         Reflect  .     (no gloves)
SustAt .         Harm     .     (no boots)
MR     .....                    (no amulet)
Stlth  +++.......               (no ring)
                                (no ring)

@: agile, not resistant to hostile enchantments, fairly stealthy
A: cold resistance 1
a: Minor Destruction, Renounce Religion


You were on level 3 of the Dungeon.
You worshipped Makhleb.
Makhleb was pleased with you.
You were not hungry.

You visited 1 branch of the dungeon, and saw 3 of its levels.

You collected 122 gold pieces.

Inventory:

Armour
 a - a +0 robe (worn)
Scrolls
 c - a scroll of recharging
 h - a scroll of immolation
 i - 2 scrolls of fog
 k - a scroll of teleportation
 l - a scroll of amnesia
Potions
 g - 2 potions of brilliance {unknown}
 j - a potion of curing {unknown}
 m - a potion of lignification {unknown}
 n - a potion of might {unknown}
Comestibles
 b - a bread ration
 o - a beef jerky


   Skills:
 - Level 3.6 Fighting
 - Level 3.5 Dodging
 - Level 2.0 Stealth
 + Level 4.2 Unarmed Combat


You had 3 spell levels left.
You didn't know any spells.

Dungeon Overview and Level Annotations

Branches:
Dungeon (3/15)

Altars:
Makhleb
Trog
Vehumet
Zin


Innate Abilities, Weirdness & Mutations

Your flesh is cold resistant.


Message History

You are too injured to fight recklessly!
You are too injured to fight recklessly!
You are too injured to fight recklessly!
You barely miss the scorpion.
The scorpion is lightly wounded.
The scorpion misses you.
You closely miss the scorpion.
The scorpion is lightly wounded.
You hit the scorpion.
The scorpion is moderately wounded.
The scorpion misses you.
You closely miss the scorpion.
The scorpion is moderately wounded.
The scorpion stings you!
* * * LOW HITPOINT WARNING * * *
Drink which item? (? for menu, Esc to quit)
It was a potion of agility.
You feel agile all of a sudden. The scorpion stings you.
You die...

############
#....>.....#.
#..#.........
########.###.####.#
#....).....#..#
#.######.#.#)##
##.#####......#
####......#..#.###
#......†@s#..#.######.#
#.##..###..............
#.##..# #.#..#.######.#
. #.##..#
#.#..#.######.##$
#.##..#
#.#...........##.
.#######.##..#
#.#.##.#########.
.............# #.#.##.#
#. ########..#.##
#.#.##.# #. #..#.#
#.#.##.#########.


You could see a scorpion.

Vanquished Creatures
  3 adders
  3 worms (D:2)
  A giant gecko (D:2)
  2 ball pythons
  5 giant cockroaches
  8 goblins
  3 hobgoblins
  8 bats
  4 giant newts
  7 kobolds
  3 rats
47 creatures vanquished.

Notes
Turn   | Place    | Note
--------------------------------------------------------------
     0 | D:1      | kae the Demonspawn Monk began the quest for the Orb.
     0 | D:1      | Reached XP level 1. HP: 18/18 MP: 1/1
   478 | D:1      | Gained mutation: Your flesh is cold resistant. [demonic ancestry]
   478 | D:1      | Reached XP level 2. HP: 21/24 MP: 2/2
  1037 | D:2      | Found a burning altar of Makhleb.
  1163 | D:2      | Became a worshipper of Makhleb the Destroyer
  1163 | D:2      | Reached * piety under Makhleb
  1163 | D:2      | Reached ** piety under Makhleb
  1348 | D:2      | Reached XP level 3. HP: 10/29 MP: 3/3
  1596 | D:2      | Found a glowing silver altar of Zin.
  1934 | D:2      | Reached skill level 4 in Unarmed Combat
  2289 | D:3      | Found a radiant altar of Vehumet.
  2358 | D:3      | Reached XP level 4. HP: 12/35 MP: 4/4
  2860 | D:3      | Found a bloodstained altar of Trog.
  2912 | D:3      | HP: 1/36 [scorpion (8)]
  2913 | D:3      | Slain by a scorpion

Vault maps used:
D:1:      nicolae_arrival_washed_ashore, st_stairs_14
D:2:      zin_academy, st_stairs_12, bloody_makhleb
D:3:      nicolae_overflow_crystal_walls, lemuel_round_altar,
          okawaru_altar_gauntlet_db, ecumenical_altar_1, cheibrodos_gnoll_hut

Action                   |  1- 3 |  4- 6 || total
-------------------------+-------+-------++-------
Melee: Unarmed           |   172 |    30 ||   202
  Use: Scroll            |       |     7 ||     7
       Potion            |       |     1 ||     1
 Stab: Sleeping          |     4 |     3 ||     7
  Eat: Chunk             |     5 |     1 ||     6
